 Dungeon Crawl Stone Soup version 0.28.0-56-g4927b6849a (webtiles) character file.

Game seed: 18422083814918984896

22 cbfl8 the Chopper (level 2, -2/27 HPs)
             Began as a Minotaur Berserker on Feb 10, 2023.
             Was a Follower of Trog.
             Slain by a gnoll
             ... wielding a +0 spear
              (6 damage)
             ... on level 1 of the Dungeon.
             The game lasted 00:00:18 (646 turns).

cbfl8 the Chopper (Minotaur Berserker)               Turns: 646, Time: 00:00:18

Health: -2/27      AC:  2    Str: 21    XL:     2   Next: 68%
Magic:  1/1        EV: 12    Int:  4    God:    Trog [*.....]
Gold:   10         SH:  0    Dex:  9    Spells: 1/1 levels left

rFire   . . .      SeeInvis .   a - +0 hand axe
rCold   . . .      Faith    .   (no shield)
rNeg    . . .      Spirit   .   b - +0 animal skin
rPois   .          Reflect  .   (helmet restricted)
rElec   .          Harm     .   (no cloak)
rCorr   .          Rampage  .   (no gloves)
Will    .....                   (no boots)
Stlth   +.........              (no amulet)
HPRegen 0.09/turn               (no ring)
MPRegen 0.07/turn               (no ring)

@: no status effects
A: horns 2, retaliatory headbutt
a: Renounce Religion, Berserk


You were on level 1 of the Dungeon.
You worshipped Trog.
Trog was aware of your devotion.
You visited 1 branch of the dungeon, and saw 1 of its levels.

You collected 10 gold pieces.

Inventory:

Hand Weapons
 a - a +0 hand axe (weapon)
Armour
 b - a +0 animal skin (worn)
Scrolls
 d - a scroll of fear {unknown}
 e - a scroll of identify {unknown}
Potions
 c - a potion of curing {unknown}


   Skills:
 + Level 4.0 Fighting
 + Level 4.2 Axes
 + Level 2.5 Armour
 + Level 2.6 Dodging


You had one spell level left.
You didn't know any spells.
Your spell library was empty.

Dungeon Overview and Level Annotations

Branches:
Dungeon (1/15)

Altars:


Innate Abilities, Weirdness & Mutations

You have a pair of horns on your head.
You reflexively headbutt those who attack you in melee.


Message History

Trog accepts your kill.
Things that are here:
a +0 whip; a kobold corpse No target in view!
You now have 10 gold pieces.
Things that are here:
a +0 whip; a kobold corpse You see here a +0 robe.
A giant cockroach comes into view.
A giant cockroach is nearby!
A giant cockroach is nearby!
The giant cockroach closely misses you.
A giant cockroach is nearby!
You barely miss the giant cockroach. The giant cockroach bites you.
You hit the giant cockroach.
You kill the giant cockroach!
Trog accepts your kill.
Found a ring mail.
A gnoll comes into view. It is wielding a +0 spear.
The gnoll shouts!
The gnoll hits you from afar with a +0 spear!
The gnoll hits you with a +0 spear!
You see here a +0 ring mail.
A gnoll is nearby!
You are too injured to fight recklessly!
A gnoll is nearby!
You are too injured to fight recklessly!
A gnoll is nearby!
You are too injured to fight recklessly!
A gnoll is nearby!
You fail to use your ability.
The gnoll misses you.
You barely miss the gnoll. The gnoll barely misses you.
You barely miss the gnoll. You headbutt the gnoll!
The gnoll is almost dead.
The gnoll hits you with a +0 spear!
* * * LOW HITPOINT WARNING * * *
You barely miss the gnoll.
The gnoll is almost dead.
The gnoll hits you with a +0 spear.
You die...

#..##.###.##
#.##.#.########
#.#.###........
#....#.........
#####.#####.###
#.# # #. #.# #.
####.#.#####.#
#.
........@g....#
#### #.
#####.#?........
..# #.
#.######..## #.#
#. #
#..####.#####.
#.............
#...........).
..............
#######.######
#....#


You could see a gnoll.

Vanquished Creatures
  2 bats (D:1)
  An endoplasm (D:1)
  3 giant cockroaches (D:1)
  A goblin (D:1)
  2 hobgoblins (D:1)
  A quokka (D:1)
  3 ball pythons (D:1)
  A frilled lizard (D:1)
  4 kobolds (D:1)
  2 rats (D:1)
20 creatures vanquished.

Notes
Turn   | Place    | Note
-------+----------+-------------------------------------------
     0 | D:1      | cbfl8 the Minotaur Berserker began the quest for the Orb.
     0 | D:1      | Reached XP level 1. HP: 19/19 MP: 0/0
   308 | D:1      | Reached XP level 2. HP: 27/27 MP: 1/1
   370 | D:1      | Found a faded altar of an unknown god.
   646 | D:1      | Slain by a gnoll

Illustrated notes

Levels and vault maps discovered:
D:1:      amcnicky_arrival_feature_with_door, layout_loops_ring,
          chequers_ecumenical_altar_simple_redux

Skill      XL: |  1  2 |
---------------+-------+-----
Axes           | 4 |  4.2
Fighting       | 4 |  4.0
Armour         | |  2.5
Dodging        | |  2.6

Action                   || total
-------------------------++-------
Melee: Hand axe          ||    36
       Headbutt          ||     5
       Punch             ||     1
Armor: Animal skin       ||     3
Dodge: Dodged            ||    25
